Cogmind - Beta 16 @@@ ROGUE MODE // 2025.12.13 @ 20:38:31 Player: Malmar Result: Self-destructed Performance ------------- Evolutions (2) 1000 Regions Visited (4) 800 Robots Destroyed (17) 85 Value Destroyed (374) 374 Prototype IDs (0) 0 Alien Tech Used (0) 0 Bonus (0) 0 TOTAL SCORE: 2259 Bonus ------- None Cogmind --------- Core Integrity 354/550 Matter 193/300 Energy 100/100 System Corruption 0% Temperature Cool (0) Movement Core (100) Ox1 Location -8/Materials Parts ------- > --- POWER (1) -------- (None) > --- PROPULSION (4) --- (None) > --- UTILITY (3) ------ Small Storage Unit Visual Processing Unit > --- WEAPON (3) ------- (None) > --- INVENTORY (8) ---- Compact Battery (200) Machine Analyzer Peak State ------------ > --- POWER ------------ Light Deuterium Engine > --- PROPULSION ------- Airjet Airjet Airjet Airjet > --- UTILITY ---------- Small Storage Unit Visual Processing Unit > --- WEAPON ----------- Assault Rifle Assault Rifle > --- INVENTORY -------- Light Deuterium Engine Light Nuclear Core Wheel Compact Wheel Grenade Launcher Stasis Trap Stasis Trap Stasis Trap [Rating: 21] Favorites ----------- Power Light Nuclear Core Engine Light Deuterium Engine Power Core Light Nuclear Core Propulsion Airjet Wheel Wheel Hover Unit Airjet Flight Unit Flight Unit Utility Small Storage Unit Storage Small Storage Unit Processor Visual Processing Unit Weapon Assault Rifle Energy Gun EM Pulse Gun Ballistic Gun Assault Rifle Launcher Grenade Launcher Impact Weapon Mace Build | -11 -10 -10 -9 -8 ------- Run | Yrd Mat Min Mat Mat Slots Evolved 4 | . . . 2 2 Power . | . . . . . Propulsion 2 | . . . 2 . Utility 1 | . . . . 1 Weapon 1 | . . . . 1 Parts Attached 21 | 6 2 1 11 1 Power 5 | 1 1 . 2 1 Engine 4 | 1 . . 2 1 Core 1 | . 1 . . . Reactor . | . . . . . Propulsion 8 | 2 . . 6 . Treads . | . . . . . Leg . | . . . . . Wheel 2 | 2 . . . . Hover 4 | . . . 4 . Flight 2 | . . . 2 . Utility 3 | 1 1 1 . . Device . | . . . . . Storage 2 | 1 . 1 . . Processor 1 | . 1 . . . Hackware . | . . . . . Protection . | . . . . . Artifact . | . . . . . Weapon 5 | 2 . . 3 . Energy Gun 1 | 1 . . . . Energy Cannon . | . . . . . Ballistic Gun 2 | 1 . . 1 . Ballistic Cannon . | . . . . . Launcher 1 | . . . 1 . Special Weapon . | . . . . . Impact Weapon 1 | . . . 1 . Slashing Weapon . | . . . . . Piercing Weapon . | . . . . . Special Melee Weapon . | . . . . . Unidentified Prototypes . | . . . . . Parts Lost 13 | . . 1 8 4 Power 4 | . . . 2 2 Propulsion 6 | . . . 6 . Utility . | . . . . . Weapon 3 | . . 1 . 2 Highest Loss Streak 4 | . . 1 4 4 To Critical Strikes . | . . . . . Average Backups 3 | . 3 4 3 2 Power 1 | . 1 2 1 . Propulsion . | . . . . . Utility . | . . . . 2 Weapon 1 | . 1 2 1 . Tool/Special . | . . . . . Unused Backups 1 | . . . 1 . Power 1 | . . . 1 . Propulsion . | . . . . . Utility . | . . . . . Weapon . | . . . . . Tool/Special . | . . . . . Average Slot Usage (%) 87 | . 92 99 83 40 Engine 5 | . 10 . 8 2 Core 7 | . 4 14 1 7 Wheel 15 | . 28 28 2 . Hover 10 | . . . 25 . Storage 12 | . 14 14 11 9 Processor 11 | . 7 14 11 9 Energy Gun 7 | . 14 13 . . Ballistic Gun 14 | . 14 14 15 6 Launcher 1 | . . . 1 7 Impact Weapon 1 | . . . 4 . Peak Build Rating 21 | 6 10 10 21 8 Average Rating 11 | 3 7 9 15 6 On Entrance 6 | . 6 10 9 8 Avg Prop Armor Cover (%) 7 | . . . 7 . Naked Turns . | . . . . . Heaviest Build 15 | 12 14 14 15 15 Greatest Support 32 | 26 26 26 32 3 Greatest Overweight (x) 4 | 3 . . 4 4 Average Overweight (x) . | . . . . 3 Largest Inventory Capacity 20 | 8 8 20 8 8 Average Capacity 7 | 6 8 8 8 8 Most Carried 8 | 2 4 7 8 3 Average Carried 3 | . 3 4 3 2 Final Capacity 8 | 8 8 8 8 8 Final Carried 7 | 2 4 7 3 2 Class Distribution -------------------- 100% | Mutant Dominant Class ---------------- Mutant | -10/Materials Mutant | -10/Mines Mutant | -9/Materials Mutant | -8/Materials Resources | -11 -10 -10 -9 -8 ----------- Run | Yrd Mat Min Mat Mat Matter Collected 454 | 95 215 20 124 . Remotely . | . . . . . Salvage Created 380 | . 142 . 238 . Parts 21 | . 11 . 10 . Haulers Intercepted . | . . . . . Recyclers Shooed 1 | . . . 1 . Parts Field Recycled . | . . . . . Retrieved Matter . | . . . . . Parts Self-Destructed . | . . . . . Prevented . | . . . . . Parts Restored . | . . . . . Kills | -11 -10 -10 -9 -8 ------- Run | Yrd Mat Min Mat Mat Combat Hostiles Destroyed 13 | . 2 . 11 . Melee 6 | . . . 6 . Guns 4 | . 2 . 2 . AOE 2 | . . . 2 . Classes Destroyed 4 | . 2 . 2 . Watcher 4 | . 3 . 1 . Swarmer 7 | . . . 7 . Grunt 5 | . 2 . 3 . Duelist 1 | . . . 1 . Best Kill Streak 4 | . 3 . 4 . Combat Bots Only 4 | . 2 . 4 . Max Kills in Single Turn 1 | . 1 . 1 . Gunslinging . | . . . . . Exploded 1 | . . . 1 . Melee 1 | . . . 1 . Uniques/NPCs Destroyed . | . . . . . Combat | -11 -10 -10 -9 -8 -------- Run | Yrd Mat Min Mat Mat Hostile Shots Fired 113 | . 6 3 75 29 Missed 24 | . 1 1 15 7 Hits 89 | . 5 2 60 22 Melee 9 | . . . 9 . Projectile 80 | . 5 2 51 22 AOE 1 | . . . 1 . Critical Strikes 5 | . . . 4 1 Damage Taken 1485 | . 61 30 1040 354 Core 571 | . 10 . 365 196 Absorbed by Shields . | . . . . . Core Remaining (%) 68 | 100 . 96 8 . Volleys Fired 29 | . 10 . 14 5 Largest 2 | . 2 . 2 2 Hottest 60 | . 60 . 40 50 Shots Fired 45 | . 19 . 18 8 Gun 37 | . 19 . 15 3 Cannon . | . . . . . Launcher 8 | . . . 3 5 Special . | . . . . . Kinetic 28 | . 10 . 15 3 Thermal . | . . . . . Explosive 8 | . . . 3 5 Electromagnetic 9 | . 9 . . . Robot Hit Streak 4 | . 4 . 4 4 Robot Miss Streak 4 | . 4 . 4 2 Penetration Max . | . . . . . Secondary Targets . | . . . . . Shots Hit Robots 37 | . 9 . 23 5 Core Hits 22 | . 7 . 11 4 Critical Kills . | . . . . . Critical Parts Destroyed 2 | . . . 2 . Critical Strikes 3 | . 1 . 2 . Corrupt 1 | . 1 . . . Smash 2 | . . . 2 . Melee Attacks 28 | . . . 28 . Impact 28 | . . . 28 . Slashing . | . . . . . Piercing . | . . . . . Sneak Attacks . | . . . . . Combat Hostiles . | . . . . . Follow-up Attacks . | . . . . . Damage Inflicted 963 | . 135 . 669 159 Guns 230 | . 135 . 86 9 Cannons . | . . . . . Explosions 296 | . . . 146 150 Melee 425 | . . . 425 . Ramming 12 | . . . 12 . Kinetic 162 | . 67 . 86 9 Thermal . | . . . . . Explosive 296 | . . . 146 150 Electromagnetic 68 | . 68 . . . Impact 425 | . . . 425 . Slashing . | . . . . . Piercing . | . . . . . Highest Corruption . | . . . . . Average Corruption . | . . . . . Corruption Purged . | . . . . . Corruption Blocked . | . . . . . Overload Shots . | . . . . . Overflow Damage 104 | . . . 104 . Projectiles . | . . . . . Explosions . | . . . . . Melee 104 | . . . 104 . Knockbacks 1 | . . . 1 . Impact 1 | . . . 1 . Kinetic . | . . . . . Secondary . | . . . . . Self-Inflicted Damage 112 | . . . 112 . Shots 3 | . . . 3 . Rammed 3 | . . . 3 . Targets Rammed 3 | . . . 3 . Kicked . | . . . . . Crushed . | . . . . . Highest Temperature 36 | . 36 . 4 . Average Temperature 23 | . 24 . 4 . Received Heat Transfer 156 | . 36 9 111 . Siege Activations . | . . . . . Martial Activations . | . . . . . Shielding Activations . | . . . . . Robots Disrupted . | . . . . . Combat Hostiles . | . . . . . Robots Corrupted 1 | . . . 1 . Combat Hostiles 1 | . . . 1 . Parts Fried 1 | . . . 1 . Impact Corruptions 6 | . . . 6 . Robots Melted . | . . . . . Combat Hostiles . | . . . . . Parts Melted . | . . . . . Heat Transferred . | . . . . . Parts Sabotaged . | . . . . . Parts Stolen . | . . . . . Parts Stripped . | . . . . . Power Chain Reactions . | . . . . . Alert | -11 -10 -10 -9 -8 ------- Run | Yrd Mat Min Mat Mat Maximum Alert Level . | . . . . . Low Security (%) 100 | 100 100 100 100 100 Level 1 . | . . . . . Level 2 . | . . . . . Level 3 . | . . . . . Level 4 . | . . . . . Level 5 . | . . . . . High Security . | . . . . . Max Security . | . . . . . Peak Influence 112 | . 61 12 112 37 Initial 37 | . . 12 . 37 Average 17 | . 18 . 34 20 Influence Increases 516 | . 89 . 408 19 Destroy 0b10 Robot/C 260 | . 40 . 220 . Destroy 0b10 Robot/NC 20 | . 15 . 5 . Destroy Leader 58 | . 16 . 42 . Successful Hack 22 | . 18 . 4 . Disable Machine 15 | . . . 15 . Destroy Structure 36 | . . . 17 19 Partial Spotted 60 | . . . 60 . Lose Combat Pursuer 45 | . . . 45 . Influence Decreases 516 | . 58 31 320 107 Entered New Map 70 | . . 19 . 51 Time Decay 304 | . 58 12 208 26 Lost Part 110 | . . . 80 30 Purge Threat 32 | . . . 32 . Squads Dispatched 6 | . 3 . 2 1 Investigation 4 | . 2 . 2 . Extermination . | . . . . . Reinforcement 2 | . 1 . . 1 Assault . | . . . . . Garrison . | . . . . . Intercept . | . . . . . Searches Triggered . | . . . . . Construction Impeded 1 | . . . . 1 Haulers Reinforced . | . . . . . Active Scanning Responses . | . . . . . Cargo Convoy Interrupts . | . . . . . Stealth | -11 -10 -10 -9 -8 --------- Run | Yrd Mat Min Mat Mat Distress Signals 2 | . 1 . 1 . Communications Jammed . | . . . . . Distress Signals . | . . . . . Times Spotted 28 | . 6 3 17 2 Peak Tracking Total 5 | . 3 2 5 3 Tactical Retreats 4 | . . 1 3 . Traps | -11 -10 -10 -9 -8 ------- Run | Yrd Mat Min Mat Mat Traps Triggered 1 | . . . 1 . Indirectly . | . . . . . Trap Hack Attempts . | . . . . . Triggered . | . . . . . Disarmed . | . . . . . Reprogrammed . | . . . . . Reused . | . . . . . Traps Extracted . | . . . . . Installed . | . . . . . Triggered . | . . . . . Most Traps Carried 3 | . . 3 3 . Machines | -11 -10 -10 -9 -8 ---------- Run | Yrd Mat Min Mat Mat Machines Disabled 1 | . . . 1 . Max in Single Turn 1 | . . . 1 . Machines Repaired . | . . . . . Machines Dismantled . | . . . . . Machines Sabotaged . | . . . . . Overloaded Fab Kills . | . . . . . Hacking | -11 -10 -10 -9 -8 --------- Run | Yrd Mat Min Mat Mat Machines Accessed 9 | . 5 . 4 . Terminals 7 | . 4 . 3 . Fabricators . | . . . . . Repair Stations . | . . . . . Recycling Units 1 | . 1 . . . Scanalyzers 1 | . . . 1 . Garrison Access . | . . . . . Total Hacks 30 | . 18 . 12 . Successful 13 | . 5 . 8 . Failed 17 | . 13 . 4 . Catastrophic 3 | . 3 . . . Database Lockouts . | . . . . . Manual . | . . . . . Terminals 23 | . 16 . 7 . Fabricators . | . . . . . Repair Stations . | . . . . . Recycling Units 2 | . 2 . . . Scanalyzers 5 | . . . 5 . Garrison Access . | . . . . . Terminal Hacks 7 | . 4 . 3 . Emergency Access Points 1 | . . . 1 . Terminal Index 1 | . 1 . . . Alert Level 1 | . . . 1 . Unreport Threat 1 | . . . 1 . Locate Traps 1 | . 1 . . . Dispatch Records 1 | . 1 . . . Hauler Manifests 1 | . 1 . . . Fabricator Hacks . | . . . . . Repair Station Hacks . | . . . . . Recycling Unit Hacks 1 | . 1 . . . Retrieve Components 1 | . 1 . . . Scanalyzer 5 | . . . 5 . Insert Component 1 | . . . 1 . Analyze 2 | . . . 2 . Retrieve Study 2 | . . . 2 . Garrison Access Hacks . | . . . . . Unauthorized Hacks . | . . . . . Terminals . | . . . . . Fabricators . | . . . . . Repair Stations . | . . . . . Recycling Units . | . . . . . Scanalyzers . | . . . . . Garrison Access . | . . . . . Data Cores Recovered . | . . . . . Used . | . . . . . Hacking Detections 9 | . 5 . 4 . Full Trace Events 3 | . 2 . 1 . Feedback Events . | . . . . . Feedback Blocked . | . . . . . Robot Schematics Acquired . | . . . . . Robots Built . | . . . . . Authchips . | . . . . . Time . | . . . . . Total Robot Build Rating . | . . . . . Part Schematics Acquired 1 | . . . 1 . Parts Built . | . . . . . Authchips . | . . . . . Time . | . . . . . Total Part Build Rating . | . . . . . Part Studies Acquired . | . . . . . Parts Repaired . | . . . . . Time . | . . . . . Parts Recycled . | . . . . . Recycled Matter . | . . . . . Retrieved Matter . | . . . . . Retrieved Components 1 | . 1 . . . Parts Scanalyzed 1 | . . . 1 . Part Schematics Acquired 1 | . . . 1 . Parts Damaged . | . . . . . Bothacking | -11 -10 -10 -9 -8 ------------ Run | Yrd Mat Min Mat Mat Used RIF Installer . | . . . . . Robots Hacked . | . . . . . Non-combat . | . . . . . Combat . | . . . . . Robot Hacks Applied . | . . . . . Relay Couplers Released . | . . . . . Fabnet Peak Effective % . | . . . . . Robots Rewired . | . . . . . Allies Hacked . | . . . . . Hacks Repelled . | . . . . . Allies | -11 -10 -10 -9 -8 -------- Run | Yrd Mat Min Mat Mat Total Allies . | . . . . . Largest Group . | . . . . . Highest-Rated Group . | . . . . . Highest-Rated Ally . | . . . . . Total Orders . | . . . . . Ally Attacks . | . . . . . Total Damage . | . . . . . Kills . | . . . . . Allies Corrupted . | . . . . . Allies Melted . | . . . . . Intel | -11 -10 -10 -9 -8 ------- Run | Yrd Mat Min Mat Mat Active Infowar (turns) 1140 | . 109 446 505 80 Optics 1140 | . 109 446 505 80 Robot Analysis Total . | . . . . . Derelict Logs Recovered 2 | . . 2 . . Drone Launches . | . . . . . Drone Recoveries . | . . . . . Exploration | -11 -10 -10 -9 -8 ------------- Run | Yrd Mat Min Mat Mat Turns Passed 1326 | 97 198 446 505 80 Spaces Moved 1240 | 80 184 488 458 30 Core 106 | 53 . . 23 30 Treads . | . . . . . Legs . | . . . . . Wheels 726 | 27 184 488 27 . Hover 393 | . . . 393 . Flight 15 | . . . 15 . Fastest Speed 48 | 50 90 90 48 100 Average Speed 85 | 106 90 90 67 220 Slowest Speed 280 | 200 90 90 280 250 Overloaded Moves . | . . . . . Propulsion Burnouts . | . . . . . Robots Hopped . | . . . . . Potential Cave-ins . | . . . . . Cave-ins Triggered . | . . . . . Exploration Rate (%) 33 | 5 32 83 43 6 Regions Visited 4 Branch Regions 1 Pre-discovered Areas . | . . . . . Known Exits Taken 1 | . . 1 . . Unknown Exits Taken 3 | 1 1 . 1 . Scrap Searched 1 | . . 1 . . Spaces Dug 6 | . . . 6 . Terrain Destroyed 34 | . . . 16 18 Melee 6 | . . . 6 . Projectile . | . . . . . AOE 28 | . . . 10 18 Terrain Rammed . | . . . . . Walls Destroyed . | . . . . . Machines Disabled . | . . . . . Actions | -11 -10 -10 -9 -8 --------- Run | Yrd Mat Min Mat Mat Total 1404 | 89 196 494 589 36 Wait 56 | . . . 56 . Move 1236 | 79 183 487 457 30 Hop . | . . . . . Pick Up 15 | 4 1 4 6 . Fast Attach 11 | 4 1 . 6 . Attach 8 | 2 . . 5 1 Detach 2 | . . . 2 . Swap 7 | . 1 2 4 . Drop 9 | . . 1 8 . Fire 29 | . 10 . 14 5 Melee 28 | . . . 28 . Ram 3 | . . . 3 . Kick . | . . . . . Crush . | . . . . . Escape Stasis . | . . . . . Rewire . | . . . . . Trap . | . . . . . Miscellaneous . | . . . . . Route ------- -11/Scrapyard -10/Materials -10/Mines -9/Materials (discovered 2 exits: [*Mat x2]) -8/Materials History --------- Turn | Location | Event 14 | -11/Scrapyard | Discovered new exit (range 16) 98 | -11/Scrapyard | Entered Materials 285 | -10/Materials | Discovered new exit (range 7) 296 | -10/Materials | Entered Mines 297 | -10/Mines | Assembled infested the area 302 | -10/Mines | Assisted by a Guerilla fighting off Assembled 310 | -10/Mines | Build established: Mutant 347 | -10/Mines | Learned Materials interactive machine intel 610 | -10/Mines | Identified exit to Materials 666 | -10/Mines | Found a hidden stash of uninstalled traps 742 | -10/Mines | Entered Materials 742 | -9/Materials | Evolved 2 slots: Propulsion x2 743 | -9/Materials | Loaded intel: 18 interactive machine locations 861 | -9/Materials | Discovered new exit (range 8) 1065 | -9/Materials | Lost 3 parts (1p2n) 1177 | -9/Materials | Core integrity fell below 50% 1188 | -9/Materials | Core integrity fell below 20% 1205 | -9/Materials | Lost 4 parts (1p3n) 1210 | -9/Materials | Discovered new exit (range 8) 1247 | -9/Materials | Entered another Materials area 1247 | -8/Materials | Evolved 2 slots: Utility x1, Weapon x1 1327 | -8/Materials | Self-destructed Last Messages --------------- Acquired Machine Analyzer. Acquired Com. Battery. [Achievement: Close Call] PARAMETERS=UTILITY+1,WEAPON+1 LOCATION=UNKNOWN GOAL=ESCAPE Penetrated by Slug. ALERT: Construction progress impeded, dispatching reinforcements to local area. Penetrated by Slug. Assault Rifle destroyed. Penetrated by Slug. Grenade Launcher destroyed. Lgt. Nuclear Core destroyed. Slug penetrates Wall. Penetrated by Slug. Imp. Ion Engine destroyed. K-01 Serf collects debris. M-13 Machinist repairs H-55 Commando. Penetrated by Slug. Map ----- +----------------------------------------------------+ | ????????????????????????????????????????????????? | | ????????????????????????????????????????????????? | | ????????????????????????????????????????????????? | | ????????????????????????????????????????????????? | | ????????????????????????????????????????????????? | | ????????????????????????????????????????????????? | | ????????????????????????????????????????????????? | | ????????????????????????????????????????????????? | | ????????????????????????????????????????????????? | | ????????????????????????????????????????????????? | | ?????????????????????????#####??????????????????? | | ????????????????????????? ??????????????????? | | ????????????????????????? ??????????????????? | | ????????????????????????? ??????????????????? | | ????????????????????????? k ???????????????????? | | ?????????????????????????g ???????????????????? | | ????????????????????????# ! ???????????????????? | | ????????????????????????# ????????????????????? | | ????????????????????????# ????????????????????? | | ????????????????????????# ????????????????????? | | ????????????????????????# #????????????????????? | | ????????????????????????# #????????????????????? | | ????????????????????????# +????????????????????? | | ????????????????????????+ #????????????????????? | | ????????????????????????# #????????????????????? | | ????????????????????????#@#?????????????????????? | | ????????????????????????# #?????????????????????? | | ????????????????????????# #?????????????????????? | | ????????????????????????# #?????????????????????? | | ????????????????????????# #?????????????????????? | | ?????????????????????#### ####??????????????????? | | ????????????????## ### ##########?????????? | | ????????????????# #?????????? | | ????????????????# #?????????? | | ????????????????# h #?????????? | | ????????????????##+# m #####+####?????????? | | ???????????????? #?????????? | | ?????????????? #?????????? | | ?????????????# ## """"" #?????????? | | ?????????????# # ## """"" #?????????? | | ?????????????# ! # ## """"" #?????????? | | ?????????????# # ## #?????????? | | ?????????????# * # ## #?????????? | | ?????????????#* ?# ## #?????????? | | ?????????????#########?# ############?????????? | | ???????????????????????# #????????????????????? | | ???????????????????????# ?????????????????????? | | ???????????????????????# ?????????????????????? | | ???????????????????????# ?????????????????????? | | ???????????????????????? ?????????????????????? | +----------------------------------------------------+ Best States ------------- Heat Dissipation 31 Energy Generation 14 Energy Capacity 265 Matter Stores 300 Matter Capacity 300 Sight Range 18 Terrain Scan Density 10 Evasion (%) 55 Item Schematics ----------------- Lgt. Deuterium Engine | -9/Materials | Scanalyzed Robot Schematics ------------------ None Fabricated ------------ Nothing Repaired ---------- Nothing Studied --------- None Alien Tech Used ----------------- None Achievements -------------- Close Call Challenges ------------ None Game ------ Seed AngularLayeredHoverbase Manual? 0 Play Time 00:23:26 Cumulative 6.8 hours Start 2025.12.13 @ 20:09:48 End 2025.12.13 @ 20:38:31 Sessions 1 Manual Loads 0 Difficulty Rogue Special Mode None Game No. 15 Rogue 15 Adventurer 0 Explorer 0 Win Type - Total 0 Types 0/0/0/0/0/0/0/0/0/0 Lore% 9 Gallery% 9 Achievement% 11 Wizard Run 0 Options --------- Layout 0 ASCII 0 Keyboard 1 Movement Arrows Keybinds 0 Fullscreen 1 Font 36/X11 Map View 76x50 Zoom Use 0% Tactical HUD 0 Map Filters NONE Filters NONE Steam 1 RUN: a9870b1a-144e-4170-9ec2-2272da2ac211